 Dungeon Crawl Stone Soup version 0.31-a0-1522-g43313d8a59 (webtiles) character file.

Game seed: 15941978627678660228

114 Curundu the Poker (level 4, -1/41 HPs)
             Began as a Minotaur Berserker on Dec 30, 2023.
             Was a Believer of Trog.
             Slain by a gnoll
             ... wielding a +0 club
              (5 damage)
             ... on level 3 of the Dungeon.
             The game lasted 00:05:12 (1540 turns).

Curundu the Poker (Minotaur Berserker)              Turns: 1540, Time: 00:05:12

Health: -1/41      AC:  5    Str: 24    XL:     4   Next: 67%
Magic:  3/3        EV: 11    Int:  4    God:    Trog [**....]
Gold:   67         SH:  0    Dex:  9    Spells: 3/3 levels left

rFire   . . .        a - +0 spear
rCold   . . .        (no shield)
rNeg    . . .        j - +0 ring mail
rPois   .            (helmet restricted)
rElec   .            (no cloak)
rCorr   .            (no gloves)
SInv    .            (no boots)
Will    .....        (no amulet) Stlth
                     (no ring)
HPRegen 0.26/turn    (no ring)
MPRegen 0.08/turn

%: no passive effects
@: no status effects
A: horns 2, retaliatory headbutt
a: Renounce Religion, Berserk, Trog's Hand


You were on level 3 of the Dungeon.
You worshipped Trog.
Trog was pleased with you.
You visited 1 branch of the dungeon, and saw 3 of its levels.

You collected 67 gold pieces.

Inventory:

Hand Weapons
 a - a +0 spear (weapon)
Armour
 j - a +0 ring mail (worn)
Scrolls
 f - a scroll of amnesia {unknown}
 g - a scroll of identify {unknown}
 l - 2 scrolls of enchant armour {unknown}
 m - a scroll of noise {unknown}
Potions
 b - a potion of degeneration {unknown}
 c - a potion of haste {unknown}
 d - a potion of heal wounds {unknown}
 e - 2 potions of curing {unknown}
 h - a potion of might {unknown}
 i - 2 potions of mutation {unknown}
 k - a potion of lignification {unknown}
 n - a potion of ambrosia {unknown}


   Skills:
 + Level 4.5 Fighting
 + Level 4.8 Polearms
 + Level 3.1 Armour
 + Level 3.4 Dodging
 + Level 0.1 Stealth


You had 3 spell levels left.
You didn't know any spells.
Your spell library was empty.

Dungeon Overview and Level Annotations

Branches:
Dungeon (3/15)

Altars:
Sif Muna

Shops:
D:2 (?:(


Innate Abilities, Weirdness & Mutations

You have a pair of horns on your head.
You reflexively headbutt those who attack you in melee.


Message History

The bat barely misses you.
You hit the ribbon worm. You headbutt the ribbon worm!
You kill the ribbon worm!
Trog accepts your kill. The bat hits you. The bat barely misses you.
You furiously retaliate!
You headbutt the bat!
You kill the bat!
Trog accepts your kill.
You see here a ribbon worm corpse.
You see here a ribbon worm corpse.
Found a ring mail.
n - a puce potion A gnoll comes into view.
It is wielding a +0 halberd.
The gnoll shouts!
You hear a shout!
A gnoll comes into view. It is wielding a +0 club.
The gnoll hits you from afar with a +0 halberd.
The gnoll shouts!
You hear a shout!
The gnoll hits you with a +0 halberd!
You hit the gnoll.
The gnoll is lightly wounded.
You barely miss the gnoll. Your headbutt misses the gnoll.
A giant cockroach comes into view.
A gnoll comes into view. It is wielding a +0 club.
The gnoll hits you from afar with a +0 halberd!
You hit the gnoll.
The gnoll is heavily wounded.
The gnoll hits you from afar with a +0 halberd!
* * * LOW HITPOINT WARNING * * *
The gnoll hits you with a +0 halberd.
* * * LOW HITPOINT WARNING * * *
The gnoll completely misses you. You furiously retaliate!
You headbutt the gnoll.
A gnoll comes into view.
It is wielding a +0 spear and quivering a throwing net.
You barely miss the gnoll.
The gnoll is lightly wounded.
The gnoll hits you with a +0 club.
* * * LOW HITPOINT WARNING * * *
The gnoll closely misses you. The gnoll completely misses you.
The gnoll hits you with a +0 club.
You die...

#.... # #....
.##.... .....# . ###
#...# ...
...####...######....
#.....##.#g.g.B....
.#..........@g.#
......[.##..##g#
.#..........# #
..........#.#
..≈≈≈..#..#.#
.≈≈≈≈≈.#..#.#
.≈≈_≈≈.#..#.#
.≈≈.≈≈.#†.#.####
.≈≈.≈≈.#..#.....


You could see 4 gnolls and a giant cockroach.

Vanquished Creatures
  3 gnolls (D:2)
  3 adders (D:2)
  A dart slug (D:1)
  2 ribbon worms
  5 ball pythons
  2 bats
  5 endoplasms
  2 giant cockroaches
  10 goblins
  2 hobgoblins (D:1)
  3 kobolds (D:1)
  3 quokkas
  2 frilled lizards
  7 rats
50 creatures vanquished.

Notes
Turn   | Place    | Note
-------+----------+-------------------------------------------
     0 | D:1      | Curundu the Minotaur Berserker began the quest for the Orb.
     0 | D:1      | Reached XP level 1. HP: 19/19 MP: 0/0
    86 | D:1      | Reached XP level 2. HP: 26/27 MP: 1/1
   397 | D:1      | Reached ** piety under Trog
   428 | D:1      | Reached XP level 3. HP: 33/33 MP: 2/2
   814 | D:2      | Found Tooxewn's Antique Weapon Shoppe.
   908 | D:2      | Found Ututog's Magic Scroll Emporium.
  1032 | D:2      | Found Tuliosoh's Vocational Training.
  1099 | D:2      | Reached XP level 4. HP: 38/41 MP: 3/3
  1221 | D:2      | Found Aliazasosh's Weapon Shoppe.
  1511 | D:3      | Found a shimmering blue altar of Sif Muna.
  1540 | D:3      | Slain by a gnoll

Illustrated notes

Levels and vault maps discovered:
D:1:      dpeg_arrival_orchard, layout_loops_ring
D:2:      layout_loops_ring, serial_shops, nicolae_shop_trees, shop,
          nicolae_shop_stone, nicolae_shop_vocational
D:3:      layout_basic, mainiacjoe_overflow_catwalk,
          dreamdust_ecumenical_altar_angels_and_demons, gup_sewer_entry_glass

Skill      XL: |  1  2  3  4 |
---------------+-------------+-----
Polearms       | 4 |  4.8
Fighting       | 4 |  4.5
Dodging        | 3 |  3.4
Armour         | 3 |  3.1
Stealth        | |  0.1

Action                     |  1- 3 |  4- 6 || total
---------------------------+-------+-------++-------
  Melee: Spear             |   114 |    27 ||   141
         Headbutt          |    12 |     6 ||    18
         Punch             |     1 |       ||     1
 Armour: Animal skin       |    28 |       ||    28
         Ring mail         |    38 |    20 ||    58
  Dodge: Dodged            |    61 |    17 ||    78

Table legend: (Time is in decaauts)
 A = Elapsed time spent in this place.
 B = Non-inter-level travel time spent in this place.
 C = Inter-level travel time spent in this place.
 D = Time resting spent in this place.
 E = Time spent auto-exploring this place.
 F = Levels seen in this place.
 G = Mean time per level.
                   A        B        C        D        E       F      G
               +--------+--------+--------+--------+--------+-----+--------+
         Total |   1524 |   1524 |      0 |      0 |   1120 |   3 |  508.0 |
       Dungeon |   1524 |   1524 |      0 |      0 |   1120 |   3 |  508.0 |
               +--------+--------+--------+--------+--------+-----+--------+

Top non-repeatable levels by time:
     D:2: 805 daAuts
     D:1: 690 daAuts
     D:3: 28 daAuts
